 Dungeon Crawl Stone Soup version 0.20-a0-513-g02c11fc (webtiles) character file.

189 Kaname the Vexing (level 5, 8/38 HPs)
             Began as a Demonspawn Skald on Jan 23, 2017.
             Quit the game on level 2 of the Dungeon.
             The game lasted 00:02:48 (1319 turns).

Kaname the Vexing (Demonspawn Skald)                Turns: 1319, Time: 00:02:49

Health: 8/38       AC:  3    Str: 12    XL:     5   Next: 40%
Magic:  1/8        EV: 11    Int: 15    God:
Gold:   117        SH:  4    Dex: 12    Spells: 2/8 levels left

rFire    . . .     SeeInvis .   a - +0 spear
rCold    . . .     Gourm    .   b - +0 leather armour
rNeg     . . .     Faith    .   (no shield)
rPois    .         Spirit   .   (no helmet)
rElec    .         Reflect  .   (no cloak)
rCorr    .         Harm     .   (no gloves)
MR       .....                  (no boots)
Stlth    +.........             (no amulet)
Regen    0.2/turn               (no ring)
                                (no ring)

@: very slightly contaminated
A: hooves 1, large bone plates 1, powered by pain 2
a: no special abilities


You were on level 2 of the Dungeon.
You were hungry.

You visited 1 branch of the dungeon, and saw 2 of its levels.

You collected 117 gold pieces.

Inventory:

Hand Weapons
 a - a +0 spear (weapon)
Armour
 b - a +0 leather armour (worn)
Jewellery
 i - an uncursed ring of flight {unknown}
Scrolls
 f - a scroll of remove curse {unknown}
 g - a scroll of fog {unknown}
 j - 2 scrolls of fear {unknown}
 m - a scroll of noise {unknown}
Potions
 e - a potion of heal wounds {unknown}
 h - 2 potions of agility {unknown}
 k - a potion of curing {unknown}
Books
 c - a book of Battle

   Spells                             Type                      Level
   a - Infusion                       Charms                       1
   b - Shroud of Golubria             Charms/Translocation         2
   c - Song of Slaying                Charms                       2
   d - Spectral Weapon                Hexes/Charms                 3
   e - Regeneration                   Charms/Necromancy            3
Comestibles
 d - a bread ration
 l - 4 fruits


   Skills:
 - Level 2.0 Fighting
 - Level 2.0 Polearms
 - Level 0.8 Armour
 - Level 1.7 Dodging
 - Level 2.0 Spellcasting
 + Level 4.2 Hexes
 - Level 3.7 Charms


You had 2 spell levels left.
You knew the following spells:

 Your Spells              Type           Power        Failure   Level  Hunger
a - Infusion              Chrm           ##..         8%          1    #......
b - Song of Slaying       Chrm           ##......     12%         2    ###....
c - Spectral Weapon       Hex/Chrm       ##......     21%         3    ###....


Dungeon Overview and Level Annotations

Branches:
Dungeon (2/15)

Altars:


Innate Abilities, Weirdness & Mutations

You have large cloven feet.
You are partially covered in large bone plates. (SH +4)
You sometimes gain power by taking damage.


Message History

You resist with significant effort.
You barely miss Sigmund.
Sigmund is almost dead.
Your spectral weapon hits Sigmund from afar.
Sigmund screams, "Don't try to resist!"
Sigmund casts a spell at you. The magic dart hits you!
* * * LOW HITPOINT WARNING * * *
You hit Sigmund.
You kill Sigmund!
Your Hexes skill gained 4 levels and is now at level 4!
You have reached level 4!
You feel stronger.
Your demonic ancestry asserts itself...
Large bone plates grow over parts of your arms.
You have reached level 5!
Your demonic ancestry asserts itself...
Your feet thicken and deform.
You hit the goblin.
You kill the goblin!
Are you sure you want to abandon this character and quit the game? (Confirm with "yes".)

.....#.. ####.##..# .. ...#..# ##
##.#..# #####.#..#######
##.............###
##.##.##.........# ###
..)##.##.......#)# ##.##
.........(.....#@#########.#.##
#.######.........(..........#.###
#.# #(......#.#######.........
#.######.......#.# #.##.##.##
..........#......# #.##.##.##
....#####(#....#########.##......
.... +(##...# #.......###.....
.... #.###.## #.......###.#.#.
....+ +.###.####......>........


You could see a friendly spectral spear.

Vanquished Creatures
  Sigmund (D:2)
  2 leopard geckos
  2 ball pythons
  2 giant cockroaches (D:1)
  6 goblins
  A hobgoblin (D:1)
  2 jackals (D:1)
  4 bats
  A frilled lizard (D:1)
  6 kobolds
  5 rats
32 creatures vanquished.

Notes
Turn   | Place    | Note
-------+----------+-------------------------------------------
     0 | D:1      | Kaname the Demonspawn Skald began the quest for the Orb.
     0 | D:1      | Reached XP level 1. HP: 16/16 MP: 3/3
   402 | D:1      | Gained mutation: You sometimes gain a little power by taking damage. [demonic ancestry]
   402 | D:1      | Reached XP level 2. HP: 18/22 MP: 5/5
   407 | D:1      | Learned a level 2 spell: Song of Slaying
  1124 | D:2      | Gained mutation: You sometimes gain power by taking damage. [demonic ancestry]
  1124 | D:2      | Reached XP level 3. HP: 14/27 MP: 6/6
  1269 | D:2      | Learned a level 3 spell: Spectral Weapon
  1302 | D:2      | Noticed Sigmund
  1317 | D:2      | Killed Sigmund
  1317 | D:2      | Reached skill level 4 in Hexes
  1317 | D:2      | Gained mutation: You are partially covered in large bone plates. (SH +4) [demonic ancestry]
  1317 | D:2      | Reached XP level 4. HP: 7/33 MP: 1/7
  1317 | D:2      | Gained mutation: You have large cloven feet. [demonic ancestry]
  1317 | D:2      | Reached XP level 5. HP: 8/38 MP: 1/8
  1319 | D:2      | Quit the game

Vault maps used:
D:1:      lemuel_arrival_broad_hall, minmay_distorted
D:2:      minmay_rat_gold_closets, uniq_sigmund

Skill      XL: |  1  2  3 |
---------------+----------+-----
Polearms       | 2 |  2.0
Charms         | 3 |  3.7
Hexes          | 4 |  4.2
Fighting       | |  2.0
Armour         | |  0.8
Dodging        | |  1.7
Spellcasting   | |  2.0

Action                   |  1- 3 |  4- 6 || total
-------------------------+-------+-------++-------
Melee: Spear             |   108 |     1 ||   109
 Cast: Infusion          |     3 |       ||     3
       Song of Slaying   |     1 |       ||     1
       Spectral Weapon   |     1 |       ||     1
 Stab: Sleeping          |     1 |       ||     1
  Eat: Chunk             |     1 |       ||     1
Armor: Leather armour    |    26 |       ||    26
Dodge: Dodged            |    66 |       ||    66
